 Dungeon Crawl Stone Soup version 0.29-a0-23-ga79f92ac9c (webtiles) character file.

Game seed: 11806679193590619601

1256 HallandMoats the Skirmisher (level 8, -3/71 HPs)
             Began as a Ghoul Monk on Jan 30, 2022.
             Killed from afar by a gargoyle (10 damage)
             ... with a stone arrow
             ... on level 5 of the Dungeon.
             The game lasted 00:08:51 (6542 turns).

HallandMoats the Skirmisher (Ghoul Monk)            Turns: 6542, Time: 00:08:52

Health: -3/71      AC: 10    Str: 15 (17) XL:     8   Next: 51%
Magic:  9/9        EV: 10    Int:  3 (5)  God:
Gold:   196        SH:  0    Dex:  9 (11) Spells: 7/7 levels left

rFire   . . .      SeeInvis .     - Unarmed
rCold   + . .      Faith    .   (no shield)
rNeg    + + +      Spirit   .   e - +0 scale mail
rPois   ∞          Reflect  .   m - +0 helmet
rElec   .          Harm     .   j - +0 cloak
rCorr   .          Rampage  .   (no gloves)
Will    .....                   b - +0 pair of boots
Stlth   ..........              (no amulet)
HPRegen 0.00/turn               (no ring)
MPRegen 0.11/turn               (no ring)

@: about to teleport, inhibited regen
A: claws 1, cold resistance 1, negative energy resistance 3, inhibited
regeneration, torment resistance 2
a: no special abilities


You were on level 5 of the Dungeon.
You visited 1 branch of the dungeon, and saw 5 of its levels.

You collected 196 gold pieces.

Inventory:

Hand Weapons
 g - a +4 spear
Armour
 b - a +0 pair of boots (worn)
 e - a +0 scale mail (worn)
 j - a +0 cloak (worn)
 m - a +0 helmet (worn)
 s - a +0 buckler
Wands
 i - a wand of digging (3)
Scrolls
 c - 2 scrolls of teleportation
 r - a scroll of magic mapping
 t - a scroll of amnesia
Potions
 p - a potion of cancellation


   Skills:
 * Level 6.6 Fighting
 + Level 3.1 Armour
 + Level 4.2 Dodging
 - Level 2.1 Stealth
 * Level 1.7 Shields
 * Level 6.4 Unarmed Combat
 + Level 3.8 Invocations


You had 7 spell levels left.
You didn't know any spells.
Your spell library contained the following spells:

 Spells                   Type           Power      Damage    Failure   Level
 Magic Dart               Conj           0%         1d3       93%         1
 Call Imp                 Summ           0%         N/A       98%         2
 Ignite Poison            Fire/Tmut/Pois 0%         N/A       100%        3
 Mephitic Cloud           Conj/Pois/Air  0%         N/A       100%        3
 Fulminant Prism          Conj/Hex       0%         3d6       100%        4
 Iskenderun's Mystic Bla  Conj/Tloc      0%         2d3       100%        4
 Freezing Cloud           Conj/Ice/Air   0%         6-21      100%        5
 Lee's Rapid Deconstruct  Erth           0%         3d5*      100%        5


Dungeon Overview and Level Annotations

Branches:
Dungeon (5/15)
 Temple: D:4-7

Altars:
Ashenzari

Shops:
D:3 [


Innate Abilities, Weirdness & Mutations

You thrive by killing the living.
You are immune to poison.
You have sharp fingernails.
Your flesh is cold resistant. (rC+)
You are immune to negative energy. (rN+++)
You do not regenerate when monsters are visible.
You are immune to unholy pain and torment.


Message History

You climb downwards.
There is a stone staircase leading up here.
You see here a +0 ring mail.
It was a potion of lignification.
You feel woody for a moment. The gargoyle hits you with a +0 flail!
It was a potion of berserk rage.
You feel slightly irritated. The gargoyle hits you with a +0 flail!
It was a potion of degeneration.
There was something very wrong with that liquid.
You feel weakened.
You feel dopey.
You feel clumsy. The gargoyle hits you with a +0 flail.
It was a potion of ambrosia.
You are confused.
You feel invigorated. The gargoyle hits you with a +0 flail!
You scratch the gargoyle but do no damage.
The gargoyle hits you but does no damage.
The gnoll shouts!
You scratch the gargoyle but do no damage.
The gargoyle hits you with a +0 flail!
The gargoyle hurls a stone arrow at you.
The stone arrow hits you!
* * * LOW HITPOINT WARNING * * *
You bump into the rock wall.
You feel less invigorated.
You feel less confused. The gargoyle hits you with a +0 flail!
* * * LOW HITPOINT WARNING * * *
The gargoyle hurls a stone arrow at you.
The stone arrow hits you!
* * * LOW HITPOINT WARNING * * *
You feel better. The gnoll hits you but does no damage.
You feel better. The gargoyle hits you with a +0 flail.
* * * LOW HITPOINT WARNING * * *
The gnoll barely misses you.
You scratch the gargoyle but do no damage.
The gargoyle hits you but does no damage.
As you read the scroll of teleportation, it crumbles to dust.
You feel strangely unstable. The gargoyle misses you.
The gargoyle hurls a stone arrow at you.
The stone arrow hits you!
You die...

#g# #........# ##...## ###.##
#g###..#.###...9.## .#...#
#.##.#.#.##.......## #
.....######.#....#.#.........####
.......g...........'............g
......g.#####...g###............g
........# ##.#9# ##.......#.###
........# ###.# ##.....##.# #
#....#### #@# ##...###.### #....#
#####.# ##'## #.... #....#
#.[...# #.# ##### #.#### #.#####
#.# # #.# #.# ##.## # #.#
#####.### ##...## # #[# #.......#
###...).### # ..# #.###.#.#
#.........# # ### #.#
#.#.#####.###.#.#.####


You could see a gargoyle and a gnoll.

Vanquished Creatures
  Grinder (D:3)
  A sky beast (D:5)
  An ogre (D:5)
  3 phantoms
  A gnoll sergeant (D:4)
  A scorpion (D:4)
  An orc priest (D:4)
  Crazy Yiuf (D:2)
  A bullfrog zombie (D:5)
  Terence (D:2)
  A bullfrog skeleton (D:4)
  An orc wizard (D:4)
  17 gnolls
  6 adders (D:3)
  An adder skeleton (D:4)
  A worm (D:3)
  3 dart slugs
  22 orcs
  6 bats
  7 endoplasms
  5 giant cockroaches (D:1)
  4 goblins
  12 hobgoblins
  14 jackals
  9 kobolds
  4 quokkas
  8 ball pythons
  3 frilled lizards
  3 rats (D:1)
139 creatures vanquished.

Notes
Turn   | Place    | Note
-------+----------+-------------------------------------------
     0 | D:1      | HallandMoats the Ghoul Monk began the quest for the Orb.
     0 | D:1      | Reached XP level 1. HP: 19/19 MP: 0/0
    56 | D:1      | Reached XP level 2. HP: 16/26 MP: 1/1
   667 | D:1      | Reached XP level 3. HP: 33/33 MP: 2/2
   986 | D:1      | Reached skill level 1 in Invocations
  1185 | D:1      | Reached skill level 1 in Armour
  1408 | D:2      | Noticed Terence
  1453 | D:2      | Killed Terence
  1454 | D:2      | Reached XP level 4. HP: 37/40 MP: 2/4
  1850 | D:1      | Reached XP level 5. HP: 47/47 MP: 5/5
  2314 | D:2      | Found a runed translucent door.
  2315 | D:2      | Noticed Crazy Yiuf
  2327 | D:2      | Killed Crazy Yiuf
  2887 | D:3      | Found a broken altar of Ashenzari.
  2891 | D:3      | Saw a vision of the Shoals and the Snake Pit.
  2891 | D:3      | Noticed a merfolk
  2891 | D:3      | Noticed a merfolk
  2891 | D:3      | Noticed a wind drake
  2891 | D:3      | Noticed a sea snake
  2891 | D:3      | Noticed a merfolk siren
  2891 | D:3      | Noticed a merfolk siren
  2891 | D:3      | Noticed a merfolk
  2891 | D:3      | Noticed a merfolk
  2891 | D:3      | Noticed a merfolk
  2891 | D:3      | Noticed a naga
  2891 | D:3      | Noticed a black mamba
  2891 | D:3      | Noticed a naga warrior
  2891 | D:3      | Noticed a black mamba
  2891 | D:3      | Noticed a naga
  2891 | D:3      | Noticed an anaconda
  2891 | D:3      | Noticed a mana viper
  2893 | D:3      | Noticed a naga warrior
  2961 | D:3      | Reached XP level 6. HP: 53/53 MP: 6/6
  2982 | D:3      | Noticed Grinder
  2993 | D:3      | Paralysed by Grinder for 5 turns
  3004 | D:3      | Paralysed by Grinder for 4 turns
  3032 | D:3      | Killed Grinder
  3033 | D:3      | Reached skill level 5 in Fighting
  3033 | D:3      | Reached skill level 5 in Unarmed Combat
  3232 | D:3      | Reached XP level 7. HP: 61/61 MP: 7/7
  3359 | D:3      | Found a faded altar of an unknown god.
  3462 | D:3      | Found Veschytwy's Antique Armour Shop.
  4463 | D:5      | Entered Level 5 of the Dungeon
  4976 | D:4      | Reached XP level 8. HP: 67/70 MP: 9/9
  5407 | D:5      | Reached skill level 1 in Shields
  5947 | D:5      | Noticed a gargoyle
  6536 | D:5      | HP: 1/71 [gargoyle/stone arrow (14)]
  6542 | D:5      | Killed from afar by a gargoyle

Illustrated notes

Levels and vault maps discovered:
D:1:      tarquinn_simple_flora_water_b, layout_loops_cross, minmay_tromino_v4_a
D:2:      layout_loops_cross, minmay_circle_x, uniq_terence,
          uniq_crazy_yiuf_cottage
D:3:      layout_loops_ring, grunt_ashenzari_visionary
          [grunt_ashenzari_visionary_shoals, grunt_ashenzari_visionary_snake],
          serial_shops, nicolae_shop_advertising_works
          [nicolae_subvault_shop_adworks], ebering_ecumenical_altar_hall,
          uniq_grinder
D:4:      layout_loops_ring
D:5:      layout_loops_corners, minmay_temple_entry_drinking_statues

Skill      XL: |  1  2  3  4  5  6  7  8 |
---------------+-------------------------+-----
Invocations    | 1 2 3 |  3.8
Armour         | 1 2 3 |  3.1
Fighting       | 4 5 6 |  6.6
Dodging        | 3 4 |  4.2
Unarmed Combat | 4 5 6 |  6.4
Shields        | 1 |  1.7
Stealth        | |  2.1

Action                   |  1- 3 |  4- 6 |  7- 9 || total
-------------------------+-------+-------+-------++-------
Melee: Unarmed           |   144 |   150 |   262 ||   556
       Punch             |     4 |     5 |     8 ||    17
  Use: Potion            |     1 |       |     7 ||     8
       Scroll            |       |     4 |     4 ||     8
 Stab: Sleeping          |     3 |       |       ||     3
Armor: Robe              |    18 |       |       ||    18
       Ring mail         |    25 |       |       ||    25
       Scale mail        |       |    48 |    95 ||   143
Dodge: Dodged            |   107 |    72 |    90 ||   269

Table legend: (Time is in decaauts)
 A = Elapsed time spent in this place.
 B = Non-inter-level travel time spent in this place.
 C = Inter-level travel time spent in this place.
 D = Time resting spent in this place.
 E = Time spent auto-exploring this place.
 F = Levels seen in this place.
 G = Mean time per level.
                   A        B        C        D        E       F      G
               +--------+--------+--------+--------+--------+-----+--------+
         Total |   6478 |   6380 |     98 |    985 |   4023 |   5 | 1295.6 |
       Dungeon |   6478 |   6380 |     98 |    985 |   4023 |   5 | 1295.6 |
               +--------+--------+--------+--------+--------+-----+--------+

Top non-repeatable levels by time:
     D:4: 1632 daAuts
     D:1: 1558 daAuts
     D:3: 1356 daAuts
     D:2: 1065 daAuts
     D:5: 865 daAuts
